 Dungeon Crawl Stone Soup version 0.30.1 (webtiles) character file.

Game seed: 16401414881206137597

2221 ANNNA the Ducker (level 9, -3/50 HPs)
             Began as a Kobold Conjurer on July 6, 2023.
             Was an Initiate of Ashenzari.
             Slain by an orc warrior
             ... wielding a +0 trident
              (14 damage)
             ... on level 7 of the Dungeon.
             The game lasted 00:19:13 (9778 turns).

ANNNA the Ducker (Kobold Conjurer)                  Turns: 9778, Time: 00:19:14

Health: -3/50      AC:  5    Str: 11    XL:     9   Next: 61%
Magic:  6/17       EV: 18    Int: 21    God:    Ashenzari [......]
Gold:   350        SH:  0    Dex: 15    Spells: 14/19 levels left

rFire   . . .        J - +4 short sword
rCold   . . .        (no shield)
rNeg    . . .        G - +0 leather armour
rPois   .            (no helmet)
rElec   .            j - +0 cloak
rCorr   .            (no gloves)
SInv    .            I - +0 pair of boots
Will    .....        (no amulet)
Stlth   ++++         e - +6 ring of strength
HPRegen 0.28/turn    l - ring of wizardry
MPRegen 0.15/turn

%: wizardry (x1)
@: no status effects
A: small, no large weapons, nightstalker 3
a: Renounce Religion, Curse Item


You were on level 7 of the Dungeon.
You worshipped Ashenzari.
Ashenzari was noncommittal.
You visited 1 branch of the dungeon, and saw 7 of its levels.

You collected 350 gold pieces.

Inventory:

Hand Weapons
 J - a +4 short sword (weapon)
Missiles
 c - 63 stones (quivered)
 A - a curare-tipped dart
Armour
 j - a +0 cloak (worn)
 p - a +1 robe
 t - a +0 robe of willpower
 G - a +0 leather armour (worn)
 I - a +0 pair of boots (worn)
Jewellery
 e - a +6 ring of strength (left hand)
 l - a ring of wizardry (right hand)
 m - a ring of fire
 v - a ring of protection from fire
 H - a ring of flight
Wands
 z - a wand of flame (18)
 D - a wand of digging (6)
 E - a wand of acid (17)
Scrolls
 a - a scroll of magic mapping {unknown}
 f - a scroll of teleportation
 i - 2 scrolls of fog
 s - a scroll of blinking {unknown}
 w - a scroll of brand weapon {unknown}
 x - 2 scrolls of enchant armour {unknown}
 y - a scroll of vulnerability {unknown}
 B - a scroll of acquirement {unknown}
 C - 2 scrolls of poison
 F - 2 scrolls of amnesia {unknown}
Potions
 b - 2 potions of magic
 d - 4 potions of flight
 g - 5 potions of cancellation
 h - 2 potions of heal wounds
 k - 2 potions of berserk rage
 n - 2 potions of might {unknown}
 o - 3 potions of curing
 q - 2 potions of mutation {unknown}
 r - a potion of attraction {unknown}


   Skills:
 + Level 3.1 Fighting
 * Level 6.9 Short Blades
 + Level 0.8 Armour
 * Level 7.9 Dodging
 * Level 7.6 Stealth
 + Level 0.2 Unarmed Combat
 * Level 5.5 Spellcasting
 + Level 5.4 Conjurations


You had 14 spell levels left.
You knew the following spells:

 Your Spells              Type           Power      Damage    Failure   Level
a - Magic Dart            Conj           100%       1d8       1%          1
b - Searing Ray           Conj           56%        2d6       1%          2
c - Passwall              Tmut/Erth      4%         N/A       9%          2

Your spell library contained the following spells:

 Spells                   Type           Power      Damage    Failure   Level
 Dazzling Flash           Conj/Hex       34%        N/A       5%          3
 Slow                     Hex            20%        N/A       6%          1
 Ensorcelled Hibernation  Hex/Ice        10%        N/A       9%          2
 Confusing Touch          Hex            5%         N/A       16%         3
 Swiftness                Air            5%         N/A       16%         3
 Vampiric Draining        Necr           5%         2d6       16%         3
 Fulminant Prism          Conj/Hex       8%         3d7       17%         4
 Iskenderun's Mystic Bla  Conj/Tloc      17%        2d5       17%         4


Dungeon Overview and Level Annotations

Branches:
Dungeon (7/15)             Temple (0/1) D:7

Altars:
Ashenzari
Cheibriados
Dithmenos
Elyvilon
Fedhas
Hepliaklqana
Kikubaaqudgha
Makhleb
Nemelex Xobeh
Okawaru
Qazlal
Ru
Uskayaw
Wu Jian
Xom
Yredelemnul

Shops:
D:1 !   D:4 [

Annotations:
D:4 2 runed translucent doors, Tyszek's ghost, amateur MiMo


Innate Abilities, Weirdness & Mutations

You are small and have problems with some larger weapons.
You are completely attuned to the shadows.


Message History

You kill the orc!
Casting: Searing Ray (safe; 1% risk of failure)
Confirm with . or Enter, or press ? or * to list all spells.
Restarting spell: Searing Ray (safe; 1% risk of failure)
Press: ? - help, Shift-Dir - straight line, f - orc warrior
Aim: an orc warrior, wielding a +0 trident and wearing a +0 plate armour (79% to hit)
The searing ray hits the orc warrior.
The orc warrior is moderately wounded. (Press . to maintain the ray.)
The searing ray hits the orc warrior.
The orc warrior is moderately wounded.
The searing ray hits the orc warrior!
The orc warrior is severely wounded.
The searing ray hits the orc.
The orc is moderately wounded.
The orc warrior hits you from afar with a +0 trident!
The searing ray hits the orc warrior but does no damage.
The orc warrior is severely wounded.
The searing ray hits the orc but does no damage.
The orc is moderately wounded.
You finish channelling your searing ray.
The orc warrior hits you from afar with a +0 trident!
Casting: Searing Ray (safe; 1% risk of failure)
Confirm with . or Enter, or press ? or * to list all spells.
Aiming: Searing Ray (safe; 1% risk of failure)
Press: ? - help, Shift-Dir - straight line, f/p - orc warrior
Aim: an orc warrior, wielding a +0 trident and wearing a +0 plate armour (severely wounded, 79% to hit)
The searing ray misses the orc warrior.
The searing ray hits the orc!
You kill the orc! (Press . to maintain the ray.)
The orc warrior hits you from afar with a +0 trident!
Your life force feels restored.
The searing ray hits the orc warrior but does no damage.
The orc warrior is severely wounded.
The orc warrior hits you from afar with a +0 trident!
* * * LOW HITPOINT WARNING * * *
The searing ray hits the orc warrior but does no damage.
The orc warrior is severely wounded.
The orc warrior hits you from afar with a +0 trident!
You die...

####### #.. ......# #)# #####.#
#o# ####### #.# #.# #......
##.##########@# #.#####
#.>.......).#.###### ##.###..
#.########..#......####...##.#
#.# #.....P.P......#....# #.#
#.###..>..####...##.# #.#
#.#...P.P.......###.. ##.#
#.........####.......
#..########...........)..######
#......).......####.###########


You could see an orc warrior.

Vanquished Creatures
  Menkaure (D:6)
  A sky beast (D:6)
  2 ice beasts
  2 black bears (D:6)
  2 ogres
  A centaur (D:5)
  A kobold brigand (D:4)
  5 scorpions
  3 wights (D:7)
  8 hounds
  2 jellies
  A gnoll bouda (D:5)
  2 orc priests
  Jessica (D:2)
  3 iguanas
  5 orc wizards
  2 sleepcaps
  8 adders
  4 gnolls (D:5)
  An ufetubus (D:4)
  2 worms
  2 dart slugs
  16 orcs
  5 bats
  3 endoplasms (D:4)
  3 giant cockroaches
  5 goblins
  7 hobgoblins
  5 jackals
  7 kobolds
  3 quokkas
  6 ball pythons
  3 frilled lizards
  5 rats
127 creatures vanquished.

Notes
Turn   | Place    | Note
-------+----------+-------------------------------------------
     0 | D:1      | ANNNA the Kobold Conjurer began the quest for the Orb.
     0 | D:1      | Reached XP level 1. HP: 10/10 MP: 3/3
   326 | D:1      | Reached XP level 2. HP: 15/15 MP: 0/5
   561 | D:1      | Learned a level 2 spell: Searing Ray
   792 | D:1      | Found a faded altar of an unknown god.
   933 | D:1      | Reached skill level 1 in Short Blades
   964 | D:1      | Found Heruxas's Distillery.
  1031 | D:1      | Reached XP level 3. HP: 19/19 MP: 4/6
  1233 | D:2      | Noticed Jessica
  1237 | D:2      | Killed Jessica
  1238 | D:2      | Reached XP level 4. HP: 24/24 MP: 0/7
  1362 | D:2      | Found a snail-covered altar of Cheibriados.
  1475 | D:2      | Reached skill level 1 in Fighting
  2103 | D:2      | Reached XP level 5. HP: 29/29 MP: 8/8
  2223 | D:3      | Found a broken altar of Ashenzari.
  2228 | D:3      | Became a worshipper of Ashenzari the Shackled
  3122 | D:3      | Reached XP level 6. HP: 34/34 MP: 0/10
  3989 | D:4      | Found Veezi's Antique Armour Boutique.
  4029 | D:4      | Reached skill level 5 in Stealth
  4413 | D:4      | Found a runed translucent door.
  4509 | D:4      | Found a runed translucent door.
  4517 | D:4      | Noticed Tyszek's ghost (amateur MiMo)
  4624 | D:4      | Reached XP level 7. HP: 37/39 MP: 12/12
  5164 | D:5      | Entered Level 5 of the Dungeon
  5632 | D:5      | Reached skill level 5 in Dodging
  5977 | D:5      | Reached XP level 8. HP: 37/44 MP: 4/13
  6334 | D:5      | Reached skill level 5 in Conjurations
  6371 | D:5      | Reached skill level 5 in Short Blades
  7337 | D:5      | Learned a level 2 spell: Passwall
  7729 | D:6      | Noticed Menkaure
  7733 | D:6      | Killed Menkaure
  7734 | D:6      | Reached XP level 9. HP: 49/49 MP: 10/16
  7821 | D:6      | Found a sacrificial altar of Ru.
  7821 | D:6      | Found a sparkling altar of Nemelex Xobeh.
  7822 | D:6      | Found a burning altar of Makhleb.
  7822 | D:6      | Found an ancient bone altar of Kikubaaqudgha.
  7822 | D:6      | Found a hide-covered altar of Uskayaw.
  7824 | D:6      | Found a shimmering altar of Xom.
  7825 | D:6      | Found a blossoming altar of Fedhas.
  7825 | D:6      | Found a hazy altar of Hepliaklqana.
  7826 | D:6      | Found an ornate altar of the Wu Jian Council.
  7827 | D:6      | Found a stormy altar of Qazlal.
  7827 | D:6      | Found a basalt altar of Yredelemnul.
  7828 | D:6      | Found an iron altar of Okawaru.
  7829 | D:6      | Found a shadowy altar of Dithmenos.
  7829 | D:6      | Found a white marble altar of Elyvilon.
  7947 | D:6      | Reached skill level 5 in Spellcasting
  9191 | D:7      | Found a staircase to the Ecumenical Temple.
  9778 | D:7      | Slain by an orc warrior

Illustrated notes

Levels and vault maps discovered:
D:1:      dpeg_arrival_stone_temple_mockup, layout_rooms,
          shapermc_ecumenical_altar_mp_highgroup, serial_shops, shop,
          nicolae_kite_square_tiling_tiny, minmay_misc_feat_tower,
          minmay_tetromino_i4
D:2:      layout_basic, basic_altar, uniq_jessica
D:3:      layout_basic, mainiacjoe_overflow_surrounded_room
D:4:      layout_basic, serial_shops, nicolae_shop_pleasant_corner_grove,
          ebering_ghost_sewer_f
D:5:      layout_loops_ring, serial_co_window_serial, co_window_paths_a,
          co_window_corner_a, co_window_paths_a, co_window_corner_a,
          co_window_paths_a, co_window_paths_a, co_window_paths_a,
          co_window_paths_a, co_window_paths_b, co_window_broadway_a,
          co_window_cross_4, co_window_of_opportunity_c,
          co_window_unsneaky_path_c, glass_columns_a, glass_columns_a,
          grunt_ministairs_14, kennysheep_generic_room_10
D:6:      layout_gridville, nicolae_overflows_in_rows, nrook_mini_vaults,
          hex_tiny, uniq_menkaure
D:7:      layout_loops_ring, minmay_temple_entry_trees, nicolae_water_bricks

Skill      XL: |  1  2  3  4  5  6  7  8  9 |
---------------+----------------------------+-----
Stealth        | 3 4 5 6 7 |  7.6
Short Blades   | 1 2 3 4 6 |  6.9
Dodging        | 3 4 5 6 7 |  7.9
Fighting       | 1 2 3 |  3.1
Spellcasting   | 3 4 5 |  5.5
Conjurations   | 5 |  5.4
Armour         | |  0.8
Unarmed Combat | |  0.2

Action                     |  1- 3 |  4- 6 |  7- 9 || total
---------------------------+-------+-------+-------++-------
  Melee: Dagger            |    40 |    64 |   105 ||   209
         Unarmed           |     4 |       |       ||     4
         Punch             |       |     1 |     2 ||     3
   Cast: Magic Dart        |    26 |    61 |    21 ||   108
         Searing Ray       |     3 |    10 |    38 ||    51
    Use: Scroll            |       |     4 |     3 ||     7
   Stab: Sleeping          |     3 |     6 |     2 ||    11
 Armour: Robe              |    12 |    29 |    14 ||    55
         Leather armour    |       |       |     7 ||     7
  Dodge: Dodged            |    34 |   104 |   139 ||   277
